 Dungeon Crawl Stone Soup version 0.26-a0-708-g17f3b190f9 (webtiles) character file.

Game seed: 6289749484642268090

4 vt the Sneak (level 1, -5/19 HPs)
             Began as a Hill Orc Delver on Oct 27, 2020.
             Killed by nerve-wracking pain
             ... invoked by a shadow imp
              (14 damage)
             ... on level 4 of the Dungeon.
             The game lasted 00:00:58 (81 turns).

vt the Sneak (Hill Orc Delver)                        Turns: 81, Time: 00:00:59

Health: -5/19      AC:  3    Str: 14    XL:     1   Next: 70%
Magic:  1/1        EV: 11    Int: 10    God:
Gold:   0          SH:  0    Dex: 12    Spells: 0/0 levels left

rFire    . . .     SeeInvis .   a - +0 hand axe
rCold    . . .     Faith    .   (no shield)
rNeg     . . .     Spirit   .   b - +0 leather armour
rPois    .         Reflect  .   (no helmet)
rElec    .         Harm     .   (no cloak)
rCorr    .         Rampage  .   (no gloves)
MR       .....                  (no boots)
Stlth    ++........             (no amulet)
HPRegen  0.06/turn              (no ring)
MPRegen  0.07/turn              (no ring)

@: no status effects
A: no striking features
a: no special abilities


You were on level 4 of the Dungeon.
You visited 1 branch of the dungeon, and saw 3 of its levels.

Inventory:

Hand Weapons
 a - a +0 hand axe (weapon)
Armour
 b - a +0 leather armour (worn)
Wands
 g - a wand of digging (3)
Scrolls
 c - a scroll of fog
 d - a scroll of noise {unknown}
 h - a scroll of teleportation {unknown}
Potions
 f - a potion of haste {@q3}
 i - a potion of stabbing {unknown}


   Skills:
 - Level 3.6 Fighting
 + Level 3.3 Axes
 - Level 1.5 Dodging
 - Level 4.1 Stealth


You couldn't memorise any spells.
You didn't know any spells.
Your spell library was empty.

Dungeon Overview and Level Annotations

Branches:
Dungeon (5/15)
 Temple: D:4-7

Altars:

Portals:
Ossuary: D:4


Message History

Welcome, vt the Hill Orc Delver.
Will you prevail where others failed? Will you find the Orb of Zot?
Press ? for a list of commands and other information.
Found a scroll labeled SOTYVA SASHA.
Found a stone staircase leading down.
h - a scroll labeled SOTYVA SASHA
As you read the scroll of magic mapping, it crumbles to dust.
You feel aware of your surroundings.
d - a scroll labeled OVIGOF AROHYBE A giant cockroach comes into view.
The helpless giant cockroach fails to defend itself.
You hit the giant cockroach.
The giant cockroach is moderately wounded.
The giant cockroach bites you but does no damage.
You hit the giant cockroach but do no damage.
The giant cockroach is moderately wounded.
The giant cockroach barely misses you. The giant cockroach bites you.
You hit the giant cockroach.
You kill the giant cockroach!
You see here a giant cockroach corpse.
A frilled lizard comes into view.
Found a stone staircase leading up.
The frilled lizard hisses angrily.
The frilled lizard barely misses you.
You miss the frilled lizard. The frilled lizard bites you.
Your leather armour prevents you from hitting the frilled lizard.
The frilled lizard bites you but does no damage.
You closely miss the frilled lizard. The frilled lizard bites you.
You barely miss the frilled lizard.
The frilled lizard bites you but does no damage.
You hit the frilled lizard.
You kill the frilled lizard!
Your Axes skill increases to level 3!
You climb upwards.
You hear the hiss of flowing sand.
There is an entrance to an ossuary on this level.
Hurry and find it before the portal is buried!
Found a stone staircase leading up.
Unknown command.
Found a fizzy green potion.
Found a sand-covered staircase.
You climb upwards.
A rat and an orc come into view.
The orc shouts!
Press: ? - help, v - describe, . - travel
Here: an orc, wielding a +0 flail The floor.
You hit the orc.
The orc is almost dead.
The orc cheers noisily.
The orc hits you but does no damage.
You hit the orc.
You kill the orc!
Press: ? - help, v - describe, . - travel, g - get item
Items here: a +0 flail; an orc corpse.
The floor, spattered with blood.
The helpless rat fails to defend itself.
You hit the rat.
You kill the rat!
You climb downwards.
You hear the hiss of flowing sand.
There is an entrance to an ossuary on this level.
Hurry and find it before the portal is buried!
A shadow imp comes into view.
Press: ? - help, v - describe, . - travel A sand-covered staircase.
A gnoll comes into view. It is wielding a +0 spear.
The gnoll shouts!
You hear a shout! x2
A frilled lizard comes into view.
The shadow imp shouts!
You hear an angry hiss.
A gnoll comes into view. It is wielding a +0 spear.
There is a sand-covered staircase here.
You see here a fizzy green potion.
i - a fizzy green potion You barely miss the shadow imp.
The shadow imp barely misses you. The gnoll hits you but does no damage.
You closely miss the shadow imp. The shadow imp hits you.
The gnoll hits you from afar with a +0 spear.
* * * LOW HITPOINT WARNING * * *
Okay, then.
As you read the scroll of fear, it crumbles to dust.
You assume a fearsome visage.
The frilled lizard looks frightened!
The shadow imp is unaffected.
The gnoll looks frightened! x2
The shadow imp gestures at you. Pain shoots through your body!
Ouch! That really hurt!
You die...

░░░░ ..░░..)░░
........░░
.....^...░░░
...........
..........
.........░░
░......░
░...@..░░░
░.░░░░..5....░
........g....░
..░░░.......░
.....g.░░.<..░
......░░░..░...░
....░l ░..░░░░..░
l..░░.░░.░░░░░░.░
... ░.>........


You could see 2 gnolls, a shadow imp and a frilled lizard (fleeing).

Vanquished Creatures
  An orc (D:3)
  A giant cockroach (D:5)
  A frilled lizard (D:5)
  A rat (D:3)
4 creatures vanquished.

Notes
Turn   | Place    | Note
-------+----------+-------------------------------------------
     0 | D:5      | vt the Hill Orc Delver began the quest for the Orb.
     0 | D:5      | Reached XP level 1. HP: 19/19 MP: 1/1
    42 | D:5      | Reached skill level 3 in Axes
    48 | D:4      | Found a sand-covered staircase.
    81 | D:4      | Killed from afar by a shadow imp

Illustrated notes

Levels and vault maps discovered:
D:3:      layout_rooms, yredelemnul_forgotten_temple_becter, lemuel_round_altar
D:4:      layout_rooms, elyvilon_altar_4, grunt_temple_overflow_open,
          enter_ossuary_1
D:5:      layout_loops_ring, st_stairs_5, hangedman_decor_diamond_cutter

Skill      XL: |  1 |
---------------+----+-----
Axes           | 3 |  3.3
Fighting       | |  3.6
Dodging        | |  1.5
Stealth        | |  4.1

Action                   || total
-------------------------++-------
Melee: Hand axe          ||    13
  Use: Scroll            ||     2
 Stab: Sleeping          ||     2
Armor: Leather armour    ||     5
Dodge: Dodged            ||     3

Table legend: (Time is in decaauts)
 A = Elapsed time spent in this place.
 B = Non-inter-level travel time spent in this place.
 C = Inter-level travel time spent in this place.
 D = Time resting spent in this place.
 E = Time spent auto-exploring this place.
 F = Levels seen in this place.
 G = Mean time per level.
                   A        B        C        D        E       F      G
               +--------+--------+--------+--------+--------+-----+--------+
         Total |     83 |     83 |      0 |      0 |      0 |   3 |   27.7 |
       Dungeon |     83 |     83 |      0 |      0 |      0 |   3 |   27.7 |
               +--------+--------+--------+--------+--------+-----+--------+

Top non-repeatable levels by time:
     D:5: 47 daAuts
     D:4: 18 daAuts
     D:3: 17 daAuts

Table legend:
 A = Kills in this place as a percentage of kills in entire the game.
 B = Kills by you in this place as a percentage of kills by you in the entire game.
 C = Kills by friends in this place as a percentage of kills by friends in the entire game.
 D = Other kills in this place as a percentage of other kills in the entire game.
 E = Experience gained in this place as a percentage of experience gained in the entire game.
 F = Experience gained in this place divided by the number of levels of this place that you have seen.
                   A       B       C       D       E      F
               +-------+-------+-------+-------+-------+----------------------
         Total | 100.0 | 100.0 |   N/A |   N/A | 100.0 |   2.3
       Dungeon | 100.0 | 100.0 |   N/A |   N/A | 100.0 |   2.3
               +-------+-------+-------+-------+-------+----------------------
